 Dungeon Crawl Stone Soup version 0.27-a0-1065-ge809cff456 (webtiles) character file.

Game seed: 16815524993581849536

24 pokeman the Magician (level 2, -1/16 HPs)
             Began as a Deep Elf Hedge Wizard on Apr 23, 2021.
             Frozen to death by an endoplasm (5 damage)
             ... on level 1 of the Dungeon.
             The game lasted 00:02:11 (1271 turns).

pokeman the Magician (Deep Elf Hedge Wizard)        Turns: 1271, Time: 00:02:12

Health: -1/16      AC:  2    Str:  7    XL:     2   Next: 79%
Magic:  10/10      EV: 12    Int: 18    God:
Gold:   13         SH:  0    Dex: 14    Spells: 10/11 levels left

rFire    . . .     SeeInvis +   a - +0 dagger
rCold    . . .     Faith    .   (no shield)
rNeg     . . .     Spirit   .   b - +0 robe
rPois    .         Reflect  .   c - +0 hat
rElec    .         Harm     .   (no cloak)
rCorr    .         Rampage  .   (no gloves)
Will     .....                  (no boots)
Stlth    +.........             (no amulet)
HPRegen  0.05/turn              e - ring of see invisible
MPRegen  0.12/turn              (no ring)

@: confused
A: no striking features
a: no special abilities


You were on level 1 of the Dungeon.
You visited 1 branch of the dungeon, and saw 2 of its levels.

You collected 13 gold pieces.

Inventory:

Hand Weapons
 a - a +0 dagger (weapon)
Missiles
 g - 24 arrows
Armour
 b - a +0 robe (worn)
 c - a +0 hat (worn)
Jewellery
 e - a ring of see invisible (left hand)
Scrolls
 d - a scroll of identify {unknown}
 h - a scroll of amnesia {unknown}
Potions
 f - a potion of might {unknown}
 i - a potion of lignification {unknown}
 j - a potion of curing {unknown}


   Skills:
 + Level 0.6 Fighting
 + Level 0.6 Armour
 - Level 2.4 Dodging
 - Level 2.4 Stealth
 * Level 5.0 Spellcasting
 + Level 1.6 Conjurations
 - Level 1.1 Summonings
 - Level 1.1 Translocations


You had 10 spell levels left.
You knew the following spells:

 Your Spells              Type           Power      Damage    Failure   Level
a - Magic Dart            Conj           40%        1d5       7%          1

Your spell library contained the following spells:

 Spells                   Type           Power      Damage    Failure   Level
 Blink                    Tloc           N/A        N/A       13%         2
 Call Imp                 Summ           8%         N/A       13%         2
 Slow                     Hex            4%         N/A       21%         2
 Conjure Flame            Conj/Fire      7%         6-21      28%         3
 Mephitic Cloud           Conj/Pois/Air  6%         N/A       32%         3


Dungeon Overview and Level Annotations

Branches:
Dungeon (2/15)

Altars:

Annotations:
D:2 Sigmund


Message History

You see here a ball python corpse.
A ball python is nearby!
Casting: Magic Dart (safe; 7% risk of failure)
Confirm with . or Enter, or press ? or * to list all spells.
Aiming: Magic Dart (safe; 7% risk of failure)
Press: ? - help, Shift-Dir - straight line, f - ball python
Aim: a ball python (wandering, hasn't noticed you, 100% to hit)
The magic dart hits the ball python.
You kill the ball python!
Casting: Magic Dart (safe; 7% risk of failure)
Confirm with . or Enter, or press ? or * to list all spells.
You can't see any susceptible monsters within range! (Use Z to cast anyway.) Unknown command.
Unknown command.
There is a shaft here.
Done exploring.
There is a stone staircase leading down here.
You climb downwards.
An endoplasm and Sigmund come into view.
Sigmund is wielding a +4 scythe of venom.
Sigmund shouts!
The endoplasm quivers.
Found a scroll labelled VOUSMUPSAO and 20 stones.
There is a stone staircase leading up here.
Sigmund casts a spell at you. The puff of flame hits you!
Ouch! That really hurt!
The endoplasm freezes you.
You are frozen.
Sigmund gestures at you while chanting.
You are confused.
You climb upwards.
There is a stone staircase leading down here.
You bump into the rock wall.
The endoplasm hits you.
* * * LOW HITPOINT WARNING * * *
Unknown command.
You bump into the rock wall.
The endoplasm freezes you.
You are frozen.
You die...

#...# #.######## ##.## #...#
#......# #...# #...#
######.########.#.# ###...#####
#.#........#..
..........##########.#......#####
..............................#..
..........###..#..#..#.....##.#.#
##....#.### #..#..#..#.....##...#
##....#.# #...@J...##.#######.#
.#....#.# ###.##.#.###.# #.#
.#....#.# #........###.#######.#
.#.#.##.# #.#.##.......#........
........# #.#.##.#######.#####.#
.######## #.#.....### #.#####.#
.## ######.##......# #.##.....
..# #......##.#..#.####.##.##.#
#.#####.###..................##.#


You could see an endoplasm.

Vanquished Creatures
  A bat (D:1)
  3 endoplasms (D:1)
  A giant cockroach (D:1)
  3 goblins (D:1)
  3 hobgoblins (D:1)
  3 kobolds (D:1)
  A quokka (D:1)
  4 ball pythons (D:1)
  2 rats (D:1)
21 creatures vanquished.

Notes
Turn   | Place    | Note
-------+----------+-------------------------------------------
     0 | D:1      | pokeman the Deep Elf Hedge Wizard began the quest for the
                  | Orb.
     0 | D:1      | Reached XP level 1. HP: 10/10 MP: 7/7
   431 | D:1      | Reached XP level 2. HP: 15/15 MP: 3/9
  1099 | D:1      | Reached skill level 5 in Spellcasting
  1265 | D:2      | Noticed Sigmund
  1271 | D:1      | Frozen to death by an endoplasm

Illustrated notes

Levels and vault maps discovered:
D:1:      dpeg_arrival_tiny_h, layout_loops_cross
D:2:      layout_basic, uniq_sigmund, uniq_natasha

Skill      XL: |  1  2 |
---------------+-------+-----
Spellcasting   | 5 |  5.0
Fighting       | |  0.6
Armour         | |  0.6
Dodging        | |  2.4
Stealth        | |  2.4
Conjurations   | |  1.6
Summonings     | |  1.1
Translocations | |  1.1

Action                   || total
-------------------------++-------
Melee: Dagger            ||    11
 Cast: Magic Dart        ||    54
Armor: Robe              ||     4
Dodge: Dodged            ||    17

Table legend: (Time is in decaauts)
 A = Elapsed time spent in this place.
 B = Non-inter-level travel time spent in this place.
 C = Inter-level travel time spent in this place.
 D = Time resting spent in this place.
 E = Time spent auto-exploring this place.
 F = Levels seen in this place.
 G = Mean time per level.
                   A        B        C        D        E       F      G
               +--------+--------+--------+--------+--------+-----+--------+
         Total |   1270 |   1238 |     32 |      0 |   1118 |   2 |  635.0 |
       Dungeon |   1270 |   1238 |     32 |      0 |   1118 |   2 |  635.0 |
               +--------+--------+--------+--------+--------+-----+--------+

Top non-repeatable levels by time:
     D:1: 1268 daAuts
     D:2: 2 daAuts
